 Dungeon Crawl Stone Soup version 0.27-a0-79-gcaaa221d37 (webtiles) character file.

Game seed: 5368458398487263440

673 dickylongcocking the Slicer (level 7, 0/40 HPs)
             Began as a Deep Elf Fighter on Jan 15, 2021.
             Splashed by a jelly's acid (5 damage)
             ... on level 5 of the Dungeon.
             The game lasted 00:03:46 (5482 turns).

dickylongcocking the Slicer (Deep Elf Fighter)      Turns: 5482, Time: 00:03:47

Health: 0/40       AC: -9    Str: 15    XL:     7   Next: 33%
Magic:  9/9        EV:  6    Int: 13    God:
Gold:   282        SH:  8    Dex: 14    Spells: 6/6 levels left

rFire    . . .     SeeInvis .   a - +0 rapier
rCold    . . .     Faith    .   c - +0 kite shield
rNeg     . . .     Spirit   .   b - +0 scale mail
rPois    .         Reflect  .   (no helmet)
rElec    .         Harm     .   (no cloak)
rCorr    .         Rampage  .   (no gloves)
Will     .....     Rnd*Tele +   (no boots)
Stlth    ..........             (no amulet)
HPRegen  0.13/turn              g - ring of teleportation (curse)
MPRegen  0.11/turn              (no ring)

@: corroded, attractive
A: no striking features
a: no special abilities


You were on level 5 of the Dungeon.
You visited 1 branch of the dungeon, and saw 5 of its levels.

You collected 282 gold pieces.

Inventory:

Hand Weapons
 a - a +0 rapier (weapon)
 n - a +2 hand axe of freezing
 o - a -1 short sword
 q - a +1 spear of venom
Missiles
 x - 22 arrows
Armour
 b - a +0 scale mail (worn)
 c - a +0 kite shield (worn)
Jewellery
 g - a cursed ring of teleportation (left hand)
Scrolls
 h - 2 scrolls of magic mapping
 p - a scroll of enchant weapon {unknown}
 r - 3 scrolls of identify
 u - a scroll of teleportation {unknown}
 v - 4 scrolls of fog {unknown}
 w - a scroll of fear
 y - a scroll of amnesia {unknown}
Potions
 d - a potion of might
 e - a potion of invisibility {unknown}
 f - 2 potions of flight {unknown}
 i - 2 potions of curing
 j - a potion of attraction
 k - 2 potions of ambrosia
 m - 2 potions of lignification {unknown}
 t - a potion of berserk rage {unknown}


   Skills:
 - Level 2.4 Fighting
 * Level 8.3 Short Blades
 - Level 2.4 Armour
 - Level 2.4 Shields


You had 6 spell levels left.
You didn't know any spells.
Your spell library contained the following spells:

 Spells                   Type           Power        Failure   Level
 Magic Dart               Conj           0%           99%         1
 Blink                    Tloc           N/A          100%        2
 Call Imp                 Summ           0%           100%        2
 Slow                     Hex            0%           100%        2
 Conjure Flame            Conj/Fire      0%           100%        3
 Mephitic Cloud           Conj/Pois/Air  0%           100%        3


Dungeon Overview and Level Annotations

Branches:
Dungeon (5/15)
 Temple: D:4-7

Altars:
Cheibriados
Sif Muna

Annotations:
D:5 1 runed translucent door


Message History

The jelly hits you.
You are splashed with acid!
* * * LOW HITPOINT WARNING * * *
You feel better.
You feel less invigorated. The jelly hits you.
You are splashed with acid!
* * * LOW HITPOINT WARNING * * *
It was a potion of heal wounds.
You feel much better. The jelly hits you. The acid corrodes you!
You are splashed with acid!
You feel much better. You block the jelly's attack.
You hit the jelly but do no damage.
Your hands burn!
The jelly is almost dead.
You block the jelly's attack.
You hit the jelly but do no damage.
Your hands burn!
The jelly is almost dead.
The jelly hits you.
You are splashed with acid!
You hit the jelly but do no damage. The acid corrodes you!
Your hands burn!
The jelly is almost dead.
The jelly hits you.
You are splashed with acid!
* * * LOW HITPOINT WARNING * * *
You hit the jelly. The acid corrodes you!
Your hands burn!
You die...

... ....
##+####....
#..........
#......$..
#.......
#....# ####
#....##.....
#@J...$.....
##...##.....
#...# ....
#...... ..
#........
#..........
###########


You could see a jelly.

Vanquished Creatures
  A phantom (D:4)
  A sky beast (D:5)
  A centaur (D:5)
  An ogre (D:4)
  2 hounds (D:4)
  An iguana (D:4)
  3 worker ants
  6 adders
  An ooze (D:3)
  2 worms
  2 dart slugs (D:2)
  2 leopard geckos
  6 orcs (D:3)
  10 bats
  5 giant cockroaches
  10 goblins
  10 hobgoblins
  10 jackals
  5 kobolds
  3 quokkas
  4 ball pythons
  13 frilled lizards
  A jackal skeleton (D:4)
  6 rats
106 creatures vanquished.

Vanquished Creatures (others)
  6 plants (D:1)
6 creatures vanquished.

Grand Total: 112 creatures vanquished

Notes
Turn   | Place    | Note
-------+----------+-------------------------------------------
     0 | D:1      | dickylongcocking the Deep Elf Fighter began the quest for
                  | the Orb.
     0 | D:1      | Reached XP level 1. HP: 13/13 MP: 3/3
   241 | D:1      | Reached XP level 2. HP: 11/18 MP: 4/4
   384 | D:1      | Reached skill level 3 in Short Blades
   774 | D:1      | Reached XP level 3. HP: 22/22 MP: 5/5
  1117 | D:2      | Reached skill level 4 in Short Blades
  1555 | D:2      | Reached XP level 4. HP: 25/27 MP: 6/6
  2606 | D:3      | Reached skill level 5 in Short Blades
  2656 | D:3      | Reached XP level 5. HP: 10/31 MP: 7/7
  2918 | D:3      | Found a snail-covered altar of Cheibriados.
  3724 | D:4      | Noticed an ogre
  3731 | D:4      | Killed an ogre
  3732 | D:4      | Reached skill level 6 in Short Blades
  3773 | D:4      | Reached XP level 6. HP: 36/36 MP: 8/8
  4079 | D:4      | Found a shimmering blue altar of Sif Muna.
  4267 | D:4      | Reached skill level 7 in Short Blades
  5012 | D:5      | Entered Level 5 of the Dungeon
  5015 | D:5      | Found a runed translucent door.
  5017 | D:5      | Noticed a sky beast
  5043 | D:5      | Killed a sky beast
  5044 | D:5      | Reached XP level 7. HP: 19/40 MP: 9/9
  5318 | D:5      | Reached skill level 8 in Short Blades
  5464 | D:5      | HP: 1/40 [acid (7)]
  5482 | D:5      | Splashed by a jelly's acid

Illustrated notes

Levels and vault maps discovered:
D:1:      dpeg_arrival_castle, layout_rooms, minmay_lizard_king
D:2:      minmay_angry_zag, layout_loops_corners
D:3:      layout_basic, cheibriados_altar_1, minivault_26
D:4:      layout_loops_ring, minmay_ruined_shrine
D:5:      layout_gridville, serial_shops, shop, ebering_ghost_sewer_f

Skill      XL: |  1  2  3  4  5  6  7 |
---------------+----------------------+-----
Short Blades   | 3 4 5 6 7 8 |  8.3
Fighting       | |  2.4
Armour         | |  2.4
Shields        | |  2.4

Action                   |  1- 3 |  4- 6 |  7- 9 || total
-------------------------+-------+-------+-------++-------
Melee: Rapier            |   189 |    61 |    20 ||   270
       Hand axe          |       |    46 |       ||    46
       Spear             |       |   121 |       ||   121
Evoke: Wand              |       |     3 |     4 ||     7
  Use: Scroll            |     4 |       |       ||     4
       Potion            |       |       |     6 ||     6
 Stab: Paralysed         |       |     1 |     2 ||     3
Armor: Scale mail        |   102 |    78 |     6 ||   186
Dodge: Dodged            |    52 |    61 |     2 ||   115
Block: Kite shield       |   100 |    89 |     6 ||   195

Table legend: (Time is in decaauts)
 A = Elapsed time spent in this place.
 B = Non-inter-level travel time spent in this place.
 C = Inter-level travel time spent in this place.
 D = Time resting spent in this place.
 E = Time spent auto-exploring this place.
 F = Levels seen in this place.
 G = Mean time per level.
                   A        B        C        D        E       F      G
               +--------+--------+--------+--------+--------+-----+--------+
         Total |   5548 |   5459 |     89 |    700 |   3820 |   5 | 1109.6 |
       Dungeon |   5548 |   5459 |     89 |    700 |   3820 |   5 | 1109.6 |
               +--------+--------+--------+--------+--------+-----+--------+

Top non-repeatable levels by time:
     D:3: 1723 daAuts
     D:4: 1301 daAuts
     D:1: 1041 daAuts
     D:2: 1015 daAuts
     D:5: 466 daAuts
